 Dungeon Crawl Stone Soup version 0.25.1-2-g60ff931df9 (webtiles) character file.

Game seed: 14069824446744574625

121 growler the Digger (level 4, -2/33 HPs)
             Began as a Demigod Earth Elementalist on Oct 9, 2020.
             Slain by Grinder (5 damage)
             ... on level 3 of the Dungeon.
             The game lasted 00:06:23 (3481 turns).

growler the Digger (Demigod Earth Elementalist)     Turns: 3481, Time: 00:06:23

Health: -2/33      AC:  2    Str: 11    XL:     4   Next: 48%
Magic:  7/9        EV: 12    Int: 21    God:
Gold:   106        SH:  0    Dex: 16    Spells: 1/7 levels left

rFire    . . .     SeeInvis .   r - +1 dagger (elec)
rCold    . . .     Gourm    .   (no shield)
rNeg     . . .     Faith    .   c - +0 robe
rPois    +         Spirit   .   (no helmet)
rElec    .         Reflect  .   (no cloak)
rCorr    .         Harm     .   (no gloves)
MR       .....     Rnd*Tele +   (no boots)
Stlth    ++........             (no amulet)
HPRegen  0.11/turn              j - ring of poison resistance
MPRegen  0.11/turn              n - ring of teleportation (curse)

@: no status effects
A: high mp 1
a: no special abilities


You were on level 3 of the Dungeon.
You were not hungry.

You visited 1 branch of the dungeon, and saw 3 of its levels.

You collected 106 gold pieces.

Inventory:

Hand Weapons
 a - a +1 dagger of speed
   (You took it off a kobold on level 1 of the Dungeon)
 r - a +1 dagger of electrocution (weapon)
   (You took it off a kobold on level 2 of the Dungeon)
Missiles
 b - 36 stones (quivered)
Armour
 c - a +0 robe (worn)
Jewellery
 j - a ring of poison resistance (left hand)
   (You found it on level 1 of the Dungeon)
 n - a cursed ring of teleportation (right hand)
   (You found it on level 1 of the Dungeon)
Scrolls
 d - a scroll of enchant armour {unknown}
 f - 3 scrolls of identify {@r1}
 h - a scroll of blinking
 o - a scroll of remove curse {unknown}
 p - a scroll of fear {unknown}
 q - a scroll of noise {unknown}
Potions
 i - a potion of stabbing
 k - 2 potions of lignification {!q}
 l - a potion of invisibility
 m - 3 potions of curing {unknown}
 s - a potion of might
Comestibles
 e - 4 rations {!d}
 g - 5 chunks of flesh


   Skills:
 - Level 1.7 Dodging
 - Level 1.7 Stealth
 - Level 2.0 Spellcasting
 - Level 0.8 Transmutations
 + Level 5.0 Earth Magic


You had one spell level left.
You knew the following spells:

 Your Spells              Type           Power        Failure   Level  Hunger
a - Sandblast             Erth           ###...       1%          1    #......
q - Passwall              Tmut/Erth      ##......     7%          2    ##.....
x - Stone Arrow           Conj/Erth      ##....       16%         3    ###....

Your spell library contained the following spells:

 Spells                   Type           Power        Failure   Level  Hunger
 Petrify                  Tmut/Erth      ##......     41%         4    #####..
 Lee's Rapid Deconstruct  Erth           ###.......   45%         5    ######.


Dungeon Overview and Level Annotations

Branches:
Dungeon (3/15)

Annotations:
D:3 Grinder, Robin


Innate Abilities, Weirdness & Mutations

You have an increased reservoir of magic. (+10% MP)


Message History

Aim: an adder The blast of sand misses the adder.
b - 41 stones The adder barely misses you.
The adder closely misses you.
Aim: an adder The blast of sand hits the adder.
b - 40 stones The adder closely misses you.
Aim: an adder (moderately wounded)
The blast of sand hits the adder!
You kill the adder!
b - 39 stones You butcher the adder corpse.
g - 5 chunks of flesh (gained 1)
You see here an adder skeleton. x2
Found 3 boomerangs of dispersal.
Found a glowing war axe.
You see here 3 boomerangs of dispersal {!f}.
You feel strangely unstable.
You are suddenly yanked towards a nearby monster!
Your surroundings suddenly seem different.
Found a stone staircase leading up.
A worm comes into view.
The helpless worm fails to defend itself.
You puncture the worm!
Aim: a worm (heavily wounded)
The blast of sand hits the worm!
b - 38 stones The worm bites you!
Aim: a worm (almost dead)
The blast of sand hits the worm!
You kill the worm!
Your Earth Magic skill increases to level 5!
b - 37 stones Grinder blinks!
You see here a worm corpse.
A hobgoblin comes into view. It is wielding a +0 club.
Grinder gestures at you.
You barely resist. Grinder gestures at you. Pain shoots through your body!
* * * LOW HITPOINT WARNING * * *
There is a stone staircase leading up here.
Aim: Grinder The blast of sand hits Grinder.
b - 36 stones Grinder hits you.
* * * LOW HITPOINT WARNING * * *
You writhe in agony.
You die...

#..# .# #g #..#
#.. #g #..# #.#
#g #..# #.# #.
#..# #.# # #.#
#.#.#
#.###.#.##.#
#.###.†...5g...#
#........@#.####.
#####.#####. #..
#.# .# #.#.# ...
..#.#.# .#.#
.#.#.### #.#.#
.[.... # #.#
#.#..# #.# #.#..#
######.#..#


You could see Grinder and a hobgoblin.

Vanquished Creatures
  5 adders (D:3)
  2 oozes (D:2)
  3 worms
  3 dart slugs
  2 leopard geckos
  2 ball pythons (D:2)
  6 bats
  A giant cockroach (D:1)
  4 goblins
  5 hobgoblins
  8 jackals (D:2)
  A quokka (D:2)
  5 frilled lizards
  4 kobolds
  2 rats
53 creatures vanquished.

Notes
Turn   | Place    | Note
-------+----------+-------------------------------------------
     0 | D:1      | growler the Demigod Earth Elementalist began the quest for
                  | the Orb.
     0 | D:1      | Reached XP level 1. HP: 14/14 MP: 5/5
   274 | D:1      | Reached skill level 3 in Earth Magic
   740 | D:1      | Reached XP level 2. HP: 20/20 MP: 5/7
   744 | D:1      | Learned a level 2 spell: Passwall
  2159 | D:2      | Reached XP level 3. HP: 24/26 MP: 8/8
  2177 | D:2      | Learned a level 3 spell: Stone Arrow
  2259 | D:2      | Reached skill level 4 in Earth Magic
  3161 | D:3      | Reached XP level 4. HP: 30/33 MP: 9/9
  3280 | D:3      | Noticed Robin
  3280 | D:3      | Noticed Grinder
  3351 | D:3      | Found a hide-covered altar of Uskayaw.
  3351 | D:3      | Noticed a +0 hand axe
  3351 | D:3      | Noticed a +0 dagger
  3475 | D:3      | Reached skill level 5 in Earth Magic
  3481 | D:3      | Slain by Grinder

Illustrated notes

Levels and vault maps discovered:
D:1:      wander_arrival_peaceful_grave, layout_loops_corners, serial_glass,
          glass_columns_a, glass_columns_a
D:2:      layout_basic
D:3:      layout_loops_ring, dancing_weapons_uskayaw, first_ration,
          kennysheep_generic_room_6, uniq_robin, uniq_grinder

Skill      XL: |  1  2  3  4 |
---------------+-------------+-----
Spellcasting   | 2 |  2.0
Earth Magic    | 3 4 5 |  5.0
Dodging        | |  1.7
Stealth        | |  1.7
Transmutations | |  0.8

Action                   |  1- 3 |  4- 6 || total
-------------------------+-------+-------++-------
Melee: Dagger            |   124 |     4 ||   128
 Cast: Sandblast         |    27 |    16 ||    43
  Use: Scroll            |     4 |     3 ||     7
 Stab: Sleeping          |     2 |     2 ||     4
  Eat: Chunk             |     7 |     1 ||     8
Armor: Robe              |    29 |       ||    29
Dodge: Dodged            |    78 |    13 ||    91
